 Dungeon Crawl Stone Soup version 0.26-a0-940-gf7e0b5f775 (webtiles) character file.

Game seed: 5842911810641597179

1185 mhtbhm the Cudgeller (level 8, -7/48 HPs)
             Began as a Gargoyle Fighter on Nov 26, 2020.
             Was an Initiate of Okawaru.
             Mangled by an ogre
             ... wielding a +0 giant spiked club
              (18 damage)
             ... on level 6 of the Dungeon on Nov 27, 2020.
             The game lasted 00:10:02 (5112 turns).

mhtbhm the Cudgeller (Gargoyle Fighter)             Turns: 5112, Time: 00:10:02

Health: -7/48      AC: 16    Str: 23    XL:     8   Next: 42%
Magic:  8/8        EV:  9    Int: 11    God:    Okawaru [......]
Gold:   281        SH: 10    Dex:  9    Spells: 7/7 levels left

rFire    . . .     SeeInvis .   a - +2 flail (holy)
rCold    . . .     Faith    .   c - +0 kite shield
rNeg     + . .     Spirit   .   b - +0 scale mail
rPois    ∞         Reflect  .   n - +2 helmet {Int+3}
rElec    +         Harm     .   (no cloak)
rCorr    .         Rampage  .   (no gloves)
MR       .....                  (no boots)
Stlth    ..........             (no amulet)
HPRegen  0.16/turn              (no ring)
MPRegen  0.11/turn              (no ring)

@: no status effects
A: negative energy resistance 1, electricity resistance, unbreathing,
petrification resistance, rot immunity, AC +5
a: Renounce Religion


You were on level 6 of the Dungeon.
You worshipped Okawaru.
Okawaru was noncommittal.
You visited 2 branches of the dungeon, and saw 7 of its levels.

You collected 281 gold pieces.

Inventory:

Hand Weapons
 a - a +2 flail of holy wrath (weapon)
Armour
 b - a +0 scale mail (worn)
 c - a +0 kite shield (worn)
 n - a +2 helmet of intelligence (worn)
Scrolls
 d - a scroll of acquirement {unknown}
 e - 2 scrolls of teleportation {unknown}
 g - 4 scrolls of identify
 o - a scroll of fog {unknown}
 p - 4 scrolls of enchant weapon {unknown}
 q - 5 scrolls of remove curse
 r - a scroll of enchant armour {unknown}
Potions
 f - 4 potions of curing
 h - 3 potions of degeneration {unknown}
 i - a potion of resistance {unknown}
 j - 3 potions of flight {unknown}
 k - a potion of magic {unknown}
 l - 2 potions of berserk rage {unknown}
 m - a potion of mutation {unknown}


   Skills:
 + Level 4.9 Fighting
 + Level 6.5 Maces & Flails
 + Level 5.2 Armour
 + Level 2.4 Dodging
 + Level 5.9 Shields


You had 7 spell levels left.
You didn't know any spells.
Your spell library was empty.

Dungeon Overview and Level Annotations

Branches:
Dungeon (6/15)             Temple (1/1) D:6

Altars:
Ashenzari
Dithmenos
Elyvilon
Gozag
Makhleb
Nemelex Xobeh
Okawaru
Sif Muna
Trog
Uskayaw
Vehumet
Wu Jian
Xom
Yredelemnul
Zin
The Shining One


Innate Abilities, Weirdness & Mutations

You are resistant to torment.
Your stone body is resilient. (AC +5)
You are immune to poison.
You resist negative energy. (rN+)
You are resistant to electric shocks. (rElec)
You can survive without breathing.
You are immune to petrification.
You are immune to rotting.


Message History

You are too injured to fight recklessly!
You are too injured to fight recklessly!
You are too injured to fight recklessly!
You are too injured to fight recklessly!
You are too injured to fight recklessly!
You are too injured to fight recklessly!
You are too injured to fight recklessly!
You are too injured to fight recklessly!
You are too injured to fight recklessly!
You are too injured to fight recklessly!
You are too injured to fight recklessly!
You are too injured to fight recklessly!
You are too injured to fight recklessly!
You are too injured to fight recklessly!
You are too injured to fight recklessly!
Okay, then.
You closely miss the ogre.
The ogre is almost dead.
The ogre hits you with a +0 giant spiked club!!
You die...

### #.#############
#.............# #.###########.#
#.# #.###.# #.# #.....# #######
#.#####.# #.##### #......
#.......#######.###########.####.
###.............@O...............
#...####...####......######.##...
#.#.####.[.# ######.# #†##...
...........# # #.##...
##.........# #.##... .......†...#
#.##... .......)...# ####'##...
...........# ###.....#...
...........# #.......#...


You could see an ogre.

Vanquished Creatures
  Sigmund (D:6)
  A water moccasin (D:6)
  A sky beast (D:6)
  2 phantoms
  A bullfrog (D:6)
  A scorpion (D:6)
  A howler monkey (D:4)
  2 hounds
  2 bullfrog skeletons
  An iguana (D:6)
  3 orc wizards
  A worker ant (D:6)
  A hound skeleton (D:6)
  Robin (D:3)
  3 adders
  4 gnolls (D:5)
  A white imp (D:5)
  An ufetubus (D:5)
  5 worms
  7 dart slugs
  5 leopard geckos
  21 orcs
  A ball python (D:2)
  7 bats
  3 giant cockroaches
  15 goblins
  11 hobgoblins
  4 jackals
  4 kobolds
  2 quokkas (D:6)
  5 frilled lizards
  2 quokka skeletons (D:4)
  9 rats
129 creatures vanquished.

Vanquished Creatures (others)
  4 fungi
4 creatures vanquished.

Grand Total: 133 creatures vanquished

Notes
Turn   | Place    | Note
-------+----------+-------------------------------------------
     0 | D:1      | mhtbhm the Gargoyle Fighter began the quest for the Orb.
     0 | D:1      | Reached XP level 1. HP: 14/14 MP: 1/1
    88 | D:1      | Reached XP level 2. HP: 19/19 MP: 2/2
   155 | D:1      | Upgraded the game from 0.26-a0-931-g326f72de0d to
                  | 0.26-a0-935-g3624241d3c
   542 | D:1      | Reached XP level 3. HP: 24/24 MP: 3/3
  1180 | D:2      | Reached XP level 4. HP: 29/29 MP: 4/4
  1466 | D:3      | Noticed Robin
  1829 | D:3      | Reached skill level 3 in Maces & Flails
  1919 | D:3      | Killed Robin
  1959 | D:3      | Reached XP level 5. HP: 25/33 MP: 5/5
  2066 | D:3      | Noticed a moth of wrath
  2069 | D:3      | Found a bloodstained altar of Trog.
  2410 | D:3      | Reached skill level 1 in Dodging
  2487 | D:3      | Found a faded altar of an unknown god.
  2595 | D:3      | Became a worshipper of Vehumet
  2595 | D:3      | Reached * piety under Vehumet
  2595 | D:3      | Offered knowledge of Sandblast by Vehumet.
  2932 | D:4      | Noticed a phantom
  2951 | D:4      | Killed a phantom
  2952 | D:4      | Reached skill level 4 in Maces & Flails
  2952 | D:4      | Reached XP level 6. HP: 31/38 MP: 6/6
  3455 | D:5      | Entered Level 5 of the Dungeon
  3476 | D:5      | Offered knowledge of Foxfire by Vehumet.
  3485 | D:5      | Reached ** piety under Vehumet
  3644 | D:5      | Upgraded the game from 0.26-a0-935-g3624241d3c to
                  | 0.26-a0-940-gf7e0b5f775
  3944 | D:5      | Reached XP level 7. HP: 44/44 MP: 7/7
  3982 | D:5      | Noticed a steam dragon
  3983 | D:5      | Noticed a steam dragon
  3990 | D:5      | You fall into a shaft and drop 1 floor!
  4231 | D:6      | Reached skill level 5 in Maces & Flails
  4320 | D:6      | Reached skill level 5 in Shields
  4511 | D:6      | Reached XP level 8. HP: 32/48 MP: 8/8
  4711 | D:6      | Noticed Sigmund
  4725 | D:6      | Reached skill level 6 in Maces & Flails
  4725 | D:6      | Reached skill level 5 in Armour
  4729 | D:6      | Killed Sigmund
  4852 | D:6      | Found a staircase to the Ecumenical Temple.
  4925 | Temple   | Entered the Ecumenical Temple
  4952 | Temple   | Fell from the grace of Vehumet
  4952 | Temple   | Became a worshipper of Warmaster Okawaru
  5112 | D:6      | Mangled by an ogre

Illustrated notes

Levels and vault maps discovered:
D:1:      dpeg_cavernosity, layout_rooms, grunt_decor_clamped
D:2:      layout_loops_ring
D:3:      layout_rooms, tgw_trog, chequers_ecumenical_altar_simple,
          kennysheep_nub, minmay_liquid_box, st_stairs_3, uniq_robin
D:4:      layout_loops_ring, minmay_misc_feat_tower
D:5:      kennysheep_steamy, layout_basic, nicolae_ru_path_of_blood,
          fountainhead, saegor_snake_ambush
D:6:      layout_basic, minmay_temple_entry_butterflies, uniq_sigmund
Temple:   eino_wide_crystal_templ

Skill      XL: |  1  2  3  4  5  6  7  8 |
---------------+-------------------------+-----
Maces & Flails | 3 4 5 6 |  6.5
Shields        | 4 5 |  5.9
Fighting       | 4 |  4.9
Armour         | 4 5 |  5.2
Dodging        | 1 2 |  2.4

Action                   |  1- 3 |  4- 6 |  7- 9 || total
-------------------------+-------+-------+-------++-------
Melee: Flail             |   118 |   259 |   118 ||   495
  Use: Scroll            |     4 |     2 |       ||     6
       Potion            |       |     2 |     1 ||     3
Armor: Scale mail        |    62 |   175 |    65 ||   302
Dodge: Dodged            |    53 |    95 |    30 ||   178
Block: Kite shield       |    65 |   157 |    53 ||   275

Table legend: (Time is in decaauts)
 A = Elapsed time spent in this place.
 B = Non-inter-level travel time spent in this place.
 C = Inter-level travel time spent in this place.
 D = Time resting spent in this place.
 E = Time spent auto-exploring this place.
 F = Levels seen in this place.
 G = Mean time per level.
                   A        B        C        D        E       F      G
               +--------+--------+--------+--------+--------+-----+--------+
         Total |   5255 |   5174 |     81 |    878 |   2925 |   7 |  750.7 |
       Dungeon |   5198 |   5117 |     81 |    878 |   2893 |   6 |  866.3 |
        Temple |     56 |     56 |      0 |      0 |     32 |   1 |   56.0 |
               +--------+--------+--------+--------+--------+-----+--------+

Top non-repeatable levels by time:
     D:6: 1086 daAuts
     D:2: 1054 daAuts
     D:3: 985 daAuts
     D:1: 857 daAuts
     D:4: 666 daAuts
     D:5: 550 daAuts
  Temple: 56 daAuts
